 Dungeon Crawl Stone Soup version 0.20.0-15-g7f486f2 (webtiles) character file.

212 ANON1729 the Destroyer (level 5, -2/28 HPs)
             Began as a Tengu Conjurer on June 24, 2017.
             Slain by Edmund
             ... wielding a +2 flail of draining
              (7 damage)
             ... on level 5 of the Dungeon.
             The game lasted 00:12:16 (3281 turns).

ANON1729 the Destroyer (Tengu Conjurer)             Turns: 3281, Time: 00:12:16

Health: -2/28      AC:  2    Str:  8    XL:     5   Next: 89%
Magic:  0/11       EV: 12    Int: 17    God:
Gold:   171        SH:  0    Dex: 14    Spells: 7/10 levels left

rFire    . . .     SeeInvis .   w - +0 short sword
rCold    . . .     Gourm    .   (no shield)
rNeg     . . .     Faith    .   a - +0 robe
rPois    .         Spirit   .   (helmet restricted)
rElec    .         Reflect  .   (no cloak)
rCorr    .         Harm     .   (no gloves)
MR       +....                  (boots unavailable)
Stlth    ++........             (no amulet)
Regen    0.1/turn               y - ring of protection from magic
MPRegen  0.2/turn               (no ring)

@: drained
A: beak, talons 3, able to fly 1
a: Fly


You were on level 5 of the Dungeon.
You were not hungry.

You visited 1 branch of the dungeon, and saw 5 of its levels.

You collected 171 gold pieces.

Inventory:

Hand Weapons
 m - a +0 whip
 w - a +0 short sword (weapon)
Missiles
 B - a throwing net (quivered)
Armour
 a - a +0 robe (worn)
 g - a +0 robe
 u - a cursed +0 shield
 A - a +0 buckler
Jewellery
 y - a ring of protection from magic (left hand)
Wands
 t - a wand of random effects (17/48)
Scrolls
 e - 3 scrolls of remove curse {unknown}
 f - 6 scrolls of identify {unknown}
 i - a scroll of immolation {unknown}
 n - a scroll of blinking {unknown}
 o - 2 scrolls of teleportation {unknown}
 p - a scroll of enchant weapon {unknown}
 C - a scroll of enchant armour {unknown}
Potions
 h - a potion of brilliance {unknown}
 j - a potion of haste {unknown}
 k - a potion of might {unknown}
 l - 2 potions of mutation {unknown}
 q - a potion of ambrosia {unknown}
 r - a potion of agility {unknown}
 x - a potion of berserk rage {unknown}
 z - a potion of degeneration {unknown}
Books
 b - a book of Conjurations

   Spells                             Type                      Level
   a - Magic Dart                     Conjuration                  1
   b - Searing Ray                    Conjuration                  2
   c - Dazzling Spray                 Conjuration/Hexes            3
   d - Fulminant Prism                Conjuration/Hexes            4
   e - Force Lance                    Conjuration/Translocation    4
   f - Iskenderun's Mystic Blast      Conjuration                  4
Comestibles
 c - 4 bread rations
 s - 2 meat rations
 v - a royal jelly


   Skills:
 - Level 2.1(1.1) Dodging
 - Level 2.0(1.0) Stealth
 + Level 3.4(2.3) Spellcasting
 + Level 8.0(6.8) Conjurations


You had 7 spell levels left.
You knew the following spells:

 Your Spells              Type           Power        Failure   Level  Hunger
a - Magic Dart            Conj           ####         1%          1    #......
b - Searing Ray           Conj           ####..       1%          2    ##.....


Dungeon Overview and Level Annotations

Branches:
Dungeon (5/15)
 Temple: D:4-7

Altars:
Ru

Annotations:
D:5 Edmund


Innate Abilities, Weirdness & Mutations

You have a beak for a mouth.
You have claws for feet.
You can fly.


Message History

Edmund is heavily wounded.
Edmund hits you with a flail of draining!
* * * LOW HITPOINT WARNING * * *
You feel drained.
* * * LOW HITPOINT WARNING * * *
Casting: Searing Ray
Confirm with . or Enter, or press ? or * to list all spells.
Aiming: Searing Ray
Press: ? - help, Shift-Dir - straight line, f/p - Edmund
Aim: Edmund, wielding a flail of draining and wearing a scale mail (heavily wounded)
The searing ray hits Edmund.
Edmund is heavily wounded. (Press . to maintain the ray.) Edmund clears his throat.
Edmund hits you but does no damage.
You feel drained.
The searing ray misses Edmund.
Edmund misses you.
The searing ray hits Edmund.
Edmund is severely wounded.
Edmund hits you with a flail of draining!
You die...

#.# #...<...###
.###.####.......#
........#.......#
..##.##.#.......#
........####.####
..####..####.# .
#.......##.#
#########
.............#
#.......#
.##.#..##.#### #@#
......##.######@##
###.#.###.#...#...##
...........#......#
.##.#..####...#...##
#.## #........##
#.......## #.......#
#.......#


You could see Edmund.

Vanquished Creatures
  A hound (D:5)
  4 gnolls
  8 adders
  A worm (D:2)
  4 dart slugs
  2 leopard geckos (D:1)
  An orc (D:3)
  8 bats
  2 giant cockroaches
  2 goblins
  3 hobgoblins
  A jackal (D:5)
  2 quokkas (D:2)
  A ball python (D:3)
  4 frilled lizards
  9 kobolds
  10 rats
63 creatures vanquished.

Notes
Turn   | Place    | Note
-------+----------+-------------------------------------------
     0 | D:1      | ANON1729 the Tengu Conjurer began the quest for the Orb.
     0 | D:1      | Reached XP level 1. HP: 10/10 MP: 4/4
   212 | D:1      | Reached XP level 2. HP: 15/15 MP: 0/6
   505 | D:1      | Reached skill level 6 in Conjurations
   934 | D:2      | Reached XP level 3. HP: 19/19 MP: 4/7
   952 | D:2      | Learned a level 2 spell: Searing Ray
  1385 | D:2      | Reached XP level 4. HP: 22/24 MP: 3/8
  1935 | D:3      | Reached skill level 7 in Conjurations
  2396 | D:3      | Gained mutation: You can fly. [Tengu growth]
  2396 | D:3      | Reached XP level 5. HP: 28/28 MP: 7/10
  2876 | D:4      | Found a sacrificial altar of Ru.
  2976 | D:5      | Entered Level 5 of the Dungeon
  3169 | D:5      | Reached skill level 8 in Conjurations
  3254 | D:5      | Noticed Edmund
  3281 | D:5      | Slain by Edmund

Skill      XL: |  1  2  3  4  5 |
---------------+----------------+-----
Conjurations   | 6 7 8 |  8.0
Spellcasting   | 3 |  3.4
Dodging        | |  2.1
Stealth        | |  2.0

Action                   |  1- 3 |  4- 6 || total
-------------------------+-------+-------++-------
Melee: Unarmed           |     3 |       ||     3
       Kick              |     1 |       ||     1
       Short sword       |       |     4 ||     4
       Peck              |       |     1 ||     1
 Cast: Magic Dart        |    53 |    66 ||   119
       Searing Ray       |     1 |     6 ||     7
  Eat: Chunk             |     2 |     6 ||     8
Armor: Robe              |     2 |     3 ||     5
Dodge: Dodged            |     3 |    15 ||    18
